 Dungeon Crawl Stone Soup version 0.28.0 (webtiles) character file.

Game seed: 8780070839540427707

99 psuckher the Sneak (level 4, -3/35 HPs)
             Began as a Demonspawn Delver on Feb 15, 2022.
             Was an Initiate of Dithmenos.
             Slain by a worm (10 damage)
             ... on level 2 of the Dungeon.
             The game lasted 00:06:21 (1133 turns).

psuckher the Sneak (Demonspawn Delver)              Turns: 1133, Time: 00:06:22

Health: -3/35      AC:  3    Str: 15    XL:     4   Next: 45%
Magic:  4/4        EV: 12    Int: 11    God:    Dithmenos [......]
Gold:   0          SH:  4    Dex: 14    Spells: 3/3 levels left

rFire   . . .      SeeInvis .   a - +0 hand axe
rCold   . . .      Faith    .   (no shield)
rNeg    . . .      Spirit   .   b - +0 leather armour
rPois   .          Reflect  .   (no helmet)
rElec   .          Harm     .   (no cloak)
rCorr   .          Rampage  .   (no gloves)
Will    .....                   (no boots)
Stlth   +++.......              (no amulet)
HPRegen 0.11/turn               (no ring)
MPRegen 0.09/turn               (no ring)

@: no status effects
A: powered by pain 1, condensation shield
a: Renounce Religion


You were on level 2 of the Dungeon.
You worshipped Dithmenos.
Dithmenos was noncommittal.
You visited 2 branches of the dungeon, and saw 5 of its levels.

Inventory:

Hand Weapons
 a - a +0 hand axe (weapon)
Armour
 b - a +0 leather armour (worn)
Wands
 g - a wand of digging (3)
Scrolls
 c - a scroll of fog
 d - a scroll of magic mapping
 e - a scroll of fear
 i - a scroll of vulnerability {unknown}
 j - a scroll of holy word {unknown}
Potions
 f - a potion of haste
 h - a potion of magic


   Skills:
 + Level 3.3 Fighting
 + Level 2.3 Axes
 + Level 1.1 Armour
 + Level 2.1 Dodging
 + Level 5.4 Stealth
 + Level 0.1 Shields


You had 3 spell levels left.
You didn't know any spells.
Your spell library was empty.

Dungeon Overview and Level Annotations

Branches:
Dungeon (5/15)             Temple (1/1) D:5

Altars:
Ashenzari
Cheibriados
Dithmenos
Elyvilon
Fedhas
Gozag
Hepliaklqana
Kikubaaqudgha
Makhleb
Okawaru
Qazlal
Sif Muna
Uskayaw
Vehumet
Wu Jian
Yredelemnul
Zin
The Shining One


Innate Abilities, Weirdness & Mutations

You sometimes gain a little power by taking damage.
A meltable shield of frost defends you. (SH +4)


Message History

The adder poisons you!
You feel sick.
You barely miss the adder.
The adder is heavily wounded.
You feel sick. The adder closely misses you. The adder bites you.
You are more poisoned.
The adder poisons you!
You hit the adder.
The adder is heavily wounded.
You feel sick. You block the adder's attack.
You hit the adder but do no damage. You punch the adder, but do no damage.
The adder is heavily wounded.
You feel sick. You block the adder's attack. The adder barely misses you.
You miss the adder.
The adder is heavily wounded.
You feel sick. The adder bites you.
* * * LOW HITPOINT WARNING * * *
You closely miss the adder.
The adder is heavily wounded.
You feel sick. The adder bites you.
* * * LOW HITPOINT WARNING * * *
The adder bites you.
* * * LOW HITPOINT WARNING * * *
You slash the adder!
You kill the adder!
Dithmenos accepts your kill.
You feel sick.
You are no longer poisoned.
You see here a jackal corpse.
A worm comes into view.
You block the worm's attack.
There is a stone staircase leading up here.
You hit the worm but do no damage. You hit the worm.
The worm is lightly wounded.
The worm closely misses you.
You hit the worm.
The worm is lightly wounded.
The worm bites you!
You die...

............# #.# ..#
............# #.# ...#
............###.###.J.(.
............'.............
............####.##......#.
.# ............#
#..#........ #..
............# ##.#.#+.#...
... ............#
##.#.......##.##
............#
#@w....###.#KJ.
############# ##.#.#.# ..g.
#.#...###.# #†#)#...JK#
#...##.#.........
##..##.....#.#...
#..#..#.#.# # #..#.##...#
..>.. .....


You could see a worm.

Vanquished Creatures
  A centaur zombie (D:5)
  A hound (D:5)
  2 adders (D:2)
  A worm (D:2)
  A dart slug (D:2)
  2 endoplasms (D:2)
  A giant cockroach (D:2)
  2 goblins (D:2)
  2 hobgoblins (D:2)
  3 jackals (D:2)
  2 kobolds
18 creatures vanquished.

Notes
Turn   | Place    | Note
-------+----------+-------------------------------------------
     0 | D:5      | psuckher the Demonspawn Delver began the quest for the Orb.
     0 | D:5      | Reached XP level 1. HP: 18/18 MP: 1/1
     2 | D:5      | Found a staircase to the Ecumenical Temple.
    28 | D:5      | Noticed a necrophage
    35 | Temple   | Entered the Ecumenical Temple
   187 | Temple   | Became a worshipper of Dithmenos the Shadowed
   249 | D:5      | Reached skill level 5 in Stealth
   249 | D:5      | Gained mutation: A meltable shield of frost defends you.
                  | (SH +4) [demonic ancestry]
   249 | D:5      | Reached XP level 2. HP: 20/24 MP: 2/2
   249 | D:5      | Gained mutation: You sometimes gain a little power by
                  | taking damage. [demonic ancestry]
   249 | D:5      | Reached XP level 3. HP: 24/29 MP: 3/3
   412 | D:5      | Found a hide-covered altar of Uskayaw.
   419 | D:5      | Noticed a scorpion
   487 | D:3      | Noticed an ogre
   521 | D:2      | Reached XP level 4. HP: 3/35 MP: 4/4
  1028 | D:2      | Reached skill level 1 in Armour
  1133 | D:2      | Slain by a worm

Illustrated notes

Levels and vault maps discovered:
D:2:      layout_basic, minmay_fractal_squares_5
D:3:      layout_basic, dreamdust_ecumenical_altar_grove,
          ebering_ghost_rock_garden, uniq_jessica, uniq_crazy_yiuf_cottage
D:4:      layout_gridville, portal_sewer_entry_f
D:5:      layout_basic, minitemple, gammafunk_temple_overflow_wave,
          minmay_temple_entry_drinking_statues, hangedman_decor_lopped,
          grunt_decor_mini_mirrors, uniq_menkaure, uniq_edmund
Temple:   eino_temple_scatter_basement

Skill      XL: |  1  2  3  4 |
---------------+-------------+-----
Axes           | 2 |  2.3
Stealth        | 5 |  5.4
Dodging        | 2 |  2.1
Armour         | 1 |  1.1
Fighting       | |  3.3
Shields        | |  0.1

Action                   |  1- 3 |  4- 6 || total
-------------------------+-------+-------++-------
Melee: Hand axe          |    41 |    57 ||    98
       Punch             |     2 |     1 ||     3
  Use: Potion            |     1 |       ||     1
Armor: Leather armour    |    14 |    16 ||    30
Dodge: Dodged            |    37 |    16 ||    53
Block: Other             |    10 |     7 ||    17
